AoeStats
← hirak_raja

Arabia

509299852Analyzed
1v1 RM · 7d ago on Sep 26, 2026· 23m 15s· 2 players
Game mode
Random Map
Map size
Tiny (2 player)
Population
200
Speed
Normal
Resources
Standard
Victory
Conquest
Starting age
Dark Age
Ending age
Imperial Age
RankedLock teamsTeams togetherTeam positionsShared explorationLock speedFull tech treeHidden civsTurbo modeCheats
Victory
Defeat
🇹🇷 Britons · Türkiye
683
+14
🇺🇸 Britons · United States
646
-28
hirak_raja
2:40 Loom
13:07 Feudal Age
14:28 Wheelbarrow
13:39 Town Watch
13:51 Double-Bit Axe
14:00 Horse Collar
Civil Engineer
0:35 Loom
10:43 Feudal Age
11:15 Double-Bit Axe
12:50 Wheelbarrow
12:38 Stone Mining
13:54 Horse Collar
15:34 Gold Mining
19:45 Castle Age
20:45 Hand Cart
Connection lost

Rejoining the realm…

Still unreachable

The connection could not be restored.

Session expired

The server has moved on; the page needs a fresh start.